 Dungeon Crawl Stone Soup version 0.29-a0-824-gd827844252 (webtiles) character file.

Game seed: 5681905010297940816

141 Spectrina the Chiller (level 4, -1/33 HPs)
             Began as a Demigod Ice Elementalist on July 10, 2022.
             Killed from afar by a white imp (7 damage)
             ... with a puff of frost
             ... on level 5 of the Dungeon.
             The game lasted 00:08:36 (1153 turns).

Spectrina the Chiller (Demigod Ice Elementalist)    Turns: 1153, Time: 00:08:37

Health: -1/33      AC:  2    Str:  9    XL:     4   Next: 73%
Magic:  9/9        EV: 15    Int: 21    God:
Gold:   173        SH:  3    Dex: 14    Spells: 2/6 levels left

rFire   . . .      SeeInvis +   h - +2 spear (freeze)
rCold   . . .      Faith    .   p - +0 buckler
rNeg    . . .      Spirit   .   a - +0 robe
rPois   .          Reflect  .   (no helmet)
rElec   .          Harm     .   (no cloak)
rCorr   .          Rampage  .   (no gloves)
Will    .....                   (no boots)
Stlth   ++........              (no amulet)
HPRegen 0.11/turn               f - +4 ring of evasion
MPRegen 0.11/turn               q - ring of see invisible

@: no status effects
A: high MP 1, forlorn, divine attributes
a: no special abilities


You were on level 5 of the Dungeon.
You visited 1 branch of the dungeon, and saw 5 of its levels.

You collected 173 gold pieces.

Inventory:

Hand Weapons
 e - a +0 dagger
 h - a +2 spear of freezing (weapon)
 m - a +4 club
Armour
 a - a +0 robe (worn)
 p - a +0 buckler (worn)
Jewellery
 f - a +4 ring of evasion (left hand)
 q - a ring of see invisible (right hand)
Scrolls
 c - 2 scrolls of enchant armour {unknown}
 d - a scroll of fog {unknown}
 g - 2 scrolls of identify {unknown}
 l - a scroll of immolation {unknown}
 o - a scroll of magic mapping {unknown}
Potions
 b - a potion of magic
 i - a potion of attraction {unknown}
 j - a potion of heal wounds {unknown}
 k - 3 potions of curing {unknown}
 n - a potion of brilliance
 r - 2 potions of degeneration {unknown}


   Skills:
 - Level 1.7 Dodging
 + Level 3.4 Stealth
 - Level 1.7 Spellcasting
 + Level 5.1 Ice Magic


You had 2 spell levels left.
You knew the following spells:

 Your Spells              Type           Power      Damage    Failure   Level
a - Freeze                Ice            92%        1d10      2%          1
q - Frozen Ramparts       Ice            46%        1d6       8%          3

Your spell library contained the following spells:

 Spells                   Type           Power      Damage    Failure   Level
 Ozocubu's Armour         Ice            23%        N/A       8%          3
 Hailstorm                Conj/Ice       12%        3d5       58%         4


Dungeon Overview and Level Annotations

Branches:
Dungeon (5/15)
 Temple: D:4-7


Innate Abilities, Weirdness & Mutations

You have an increased reservoir of magic. (+10% MP)
You shall have no god before yourself.
Your divine heritage dramatically boosts your attributes as you level up.


Message History

Aim: an orc, wielding a +0 club (about 37% to evade your +2 spear of freezing)
You reach to attack!
You hit the orc. You freeze the orc.
The orc is severely wounded.
You closely miss the orc.
The orc is severely wounded.
You block the orc's attack.
You closely miss the orc.
The orc is severely wounded.
A white imp comes into view.
The orc barely misses you.
You hit the orc. You freeze the orc.
You kill the orc!
The white imp gestures at you. The puff of frost hits you!
You completely miss the white imp. The white imp gestures at you.
The puff of frost misses you.
You hit the white imp but do no damage. The white imp hits you.
The white imp freezes you.
You hit the white imp.
The white imp is lightly wounded.
You block the white imp's attack.
You barely miss the white imp.
The white imp is lightly wounded.
The white imp closely misses you. The white imp completely misses you.
You hit the white imp.
The white imp is moderately wounded.
The white imp gestures at you. You block the puff of frost.
You hit the white imp.
The white imp is almost dead.
The white imp hits you.
* * * LOW HITPOINT WARNING * * *
The white imp freezes you.
* * * LOW HITPOINT WARNING * * *
You hit the white imp but do no damage.
The white imp is almost dead.
The white imp gestures at you. The puff of frost hits you!
You die...

### #<# #.# #.#
#.# #.# #.# #@#
#5#
.......).......
........######+
.5......#
........#
..?[....#
........#
........#


You could see a white imp.

Vanquished Creatures
  Jessica (D:3)
  2 adders
  3 gnolls (D:4)
  4 dart slugs
  An orc (D:5)
  8 ball pythons
  4 endoplasms
  11 goblins
  2 hobgoblins (D:2)
  4 jackals (D:1)
  A quokka (D:1)
  8 bats
  2 frilled lizards
  6 kobolds
  3 rats
60 creatures vanquished.

Notes
Turn   | Place    | Note
-------+----------+-------------------------------------------
     0 | D:1      | Spectrina the Demigod Ice Elementalist began the quest for
                  | the Orb.
     0 | D:1      | Reached XP level 1. HP: 14/14 MP: 5/5
    72 | D:1      | Reached skill level 4 in Ice Magic
   141 | D:2      | Reached XP level 2. HP: 10/20 MP: 0/7
   309 | D:2      | Reached XP level 3. HP: 19/26 MP: 4/8
   430 | D:1      | Learned a level 3 spell: Frozen Ramparts
   544 | D:1      | You fall into a shaft and drop 1 floor!
   712 | D:3      | Noticed Jessica
   716 | D:3      | Killed Jessica
   717 | D:3      | Reached XP level 4. HP: 33/33 MP: 5/9
   831 | D:3      | Noticed a necrophage
  1075 | D:4      | Reached skill level 5 in Ice Magic
  1128 | D:5      | Entered Level 5 of the Dungeon
  1153 | D:5      | Killed from afar by a white imp

Illustrated notes

Levels and vault maps discovered:
D:1:      dpeg_arrival_stonehenge_12_columns, layout_loops_ring,
          dreamdust_ecumenical_altar_grove, minmay_small_reverse_x
D:2:      layout_loops_ring
D:3:      layout_rooms, lemuel_crystal_altar, kennysheep_generic_room_7,
          uniq_jessica
D:4:      layout_loops_ring, mainiacjoe_overflow_tiny_flanked, uniq_ijyb
D:5:      layout_basic, good_gods_temple_1, old_standard_altar,
          nicolae_ossuary_entry_monument

Skill      XL: |  1  2  3  4 |
---------------+-------------+-----
Ice Magic      | 4 5 |  5.1
Stealth        | 2 3 |  3.4
Dodging        | |  1.7
Spellcasting   | |  1.7

Action                   |  1- 3 |  4- 6 || total
-------------------------+-------+-------++-------
Melee: Dagger            |    14 |       ||    14
       Unarmed           |     2 |       ||     2
       Spear             |    33 |    37 ||    70
       Club              |       |     6 ||     6
 Cast: Freeze            |    34 |     2 ||    36
       Frozen Ramparts   |     1 |     4 ||     5
 Stab: Sleeping          |    15 |     5 ||    20
Armor: Robe              |    10 |       ||    10
Dodge: Dodged            |    47 |    31 ||    78
Block: Buckler           |       |     3 ||     3

Table legend: (Time is in decaauts)
 A = Elapsed time spent in this place.
 B = Non-inter-level travel time spent in this place.
 C = Inter-level travel time spent in this place.
 D = Time resting spent in this place.
 E = Time spent auto-exploring this place.
 F = Levels seen in this place.
 G = Mean time per level.
                   A        B        C        D        E       F      G
               +--------+--------+--------+--------+--------+-----+--------+
         Total |   1166 |   1121 |     45 |      0 |      0 |   5 |  233.2 |
       Dungeon |   1166 |   1121 |     45 |      0 |      0 |   5 |  233.2 |
               +--------+--------+--------+--------+--------+-----+--------+

Top non-repeatable levels by time:
     D:2: 501 daAuts
     D:1: 308 daAuts
     D:3: 233 daAuts
     D:4: 97 daAuts
     D:5: 26 daAuts
